Map: Babylon LE

Players

NORTHAMERICA - Winner!

  • Race: Protoss Protoss
  • League: Grandmaster
  • Spawn Location: 11:00

llllllllllll

  • Race: Terran Terran
  • League: Master
  • Spawn Location: 5:00

VOD

Have the link to the VOD?

Description

Time

  • Played on: Sept. 16, 2023, 4:47 a.m.
  • Length: 10:34
Show
View Real Time Build Order
Export as new Build Order

NORTHAMERICA Protoss - Winner!

Build Orders: 1 Gate Expand, Zealot Archon, Colossus Rush, Dark Templar Rush 

Get SALT Encoding   

  12  0:00  Probe  
  13  0:12  Probe  
  14  0:18  Pylon  
  14  0:24  Probe  
  15  0:37  Gateway, Probe (Chrono Boost)  
  16  0:47  Probe (Chrono Boost), Assimilator  
  17  0:52  Probe (Chrono Boost)  
  18  1:03  Probe  
  19  1:15  Probe  
  20  1:23  Nexus  
  20  1:33  Cybernetics Core  
  20  1:38  Probe  
  21  1:44  Assimilator  
  21  1:50  Probe (Chrono Boost)  
  21  1:54  Pylon  
  23  2:02  Probe (Chrono Boost)  
  23  2:09  Adept (Chrono Boost)  
  23  2:10  Probe  
  23  2:11  Warp Gate  
  26  2:22  Probe  
  27  2:24  Twilight Council  
  27  2:34  Stalker  
  30  2:37  Probe (Chrono Boost)  
  30  2:38  Probe (Chrono Boost)  
  31  2:47  Probe (Chrono Boost)  
  31  2:50  Probe (Chrono Boost)  
  33  2:52  Robotics Facility  
  33  2:54  Probe  
  34  2:58  Probe  
  35  3:06  Probe (Chrono Boost)  
  35  3:10  Shield Battery  
  37  3:13  Probe (Chrono Boost)  
  37  3:15  Dark Shrine  
  37  3:18  Probe (Chrono Boost)  
  40  3:27  Gateway, Probe x2 (Chrono Boost)  
  40  3:35  Probe  
  40  3:37  Gateway  
  39  3:44  Warp Prism (Chrono Boost), Probe  
  42  3:49  Probe  
  42  3:52  Pylon  
  43  3:56  Probe  
  43  3:59  Assimilator  
  43  4:01  Assimilator, Probe  
  45  4:08  Probe (Chrono Boost)  
  46  4:13  Observer  
  46  4:14  Pylon  
  46  4:16  Probe (Chrono Boost)  
  48  4:20  Probe (Chrono Boost)  
  49  4:25  Pylon  
  49  4:29  Probe x2 (Chrono Boost)  
  47  4:34  Zealot  
  47  4:37  Probe  
  49  4:39  Dark Templar  
  49  4:40  Dark Templar  
  49  4:45  Probe (Chrono Boost)  
  54  4:49  Probe (Chrono Boost)  
  55  4:58  Probe (Chrono Boost)  
  55  4:59  Probe (Chrono Boost)  
  57  5:03  Probe (Chrono Boost)  
  57  5:05  Robotics Bay  
  57  5:06  Probe  
  57  5:15  Probe  
  57  5:18  Observer  
  57  5:20  Charge  
  59  5:27  Nexus  
  59  5:28  Pylon  
  59  5:39  Gateway, Sentry  
  59  5:40  Gateway, Sentry  
  63  5:43  Gateway  
  63  5:49  Shield Battery, Probe  
  64  5:51  Colossus (Chrono Boost)  
  70  5:58  Extended Thermal Lance (Chrono Boost)  
  70  5:59  Observer  
  70  6:02  Probe  
  71  6:10  Probe  
  71  6:14  Probe  
  71  6:17  Dark Templar  
  74  6:22  Probe  
  74  6:24  Archon  
  75  6:26  Probe  
  75  6:32  Forge  
  76  6:34  Probe  
  76  6:35  Colossus (Chrono Boost)  
  76  6:38  Probe  
  85  6:40  Probe  
  85  6:41  Pylon  
  85  6:46  Probe  
  86  6:47  Sentry  
  86  6:52  Pylon x2  
  88  6:54  Dark Templar x2  
  88  7:00  Archon  
  92  7:01  Zealot x2  
  92  7:06  Shield Battery  
  92  7:07  Pylon  
  96  7:10  Protoss Ground Weapons Level 1 (Chrono Boost)  
  96  7:18  Zealot x2  
  96  7:21  Colossus (Chrono Boost)  
  105  7:27  Zealot x3  
  107  7:34  Zealot  
  109  7:41  Zealot x2  
  107  7:49  Zealot x2  
  87  7:57  Zealot x2  
  89  8:01  Probe x2  
  81  8:09  Stalker  
  81  8:10  Stalker x3  
  81  8:12  Colossus (Chrono Boost)  
  83  8:13  Probe  
  83  8:14  Probe  
  91  8:20  Photon Cannon  
  91  8:22  Dark Templar x2  
  91  8:24  Pylon  
  91  8:26  Archon  
  95  8:30  Probe  
  95  8:31  Assimilator  
  95  8:33  Sentry  
  98  8:39  Gateway  
  98  8:42  Gateway, Zealot x3  
  104  8:54  Photon Cannon  
  104  8:55  Dark Templar x2  
  104  8:56  Pylon  
  104  8:59  Archon  
  106  9:03  Shield Battery, Stalker  
  106  9:08  Stalker x2  
  112  9:16  Zealot  
  112  9:26  Robotics Bay  
  112  9:27  Dark Templar  
  112  9:28  Zealot  
  114  9:37  Dark Templar  
  116  9:40  Pylon  
  116  9:43  Pylon x2  
  114  9:50  Zealot  
  114  9:51  Zealot x2  
  99  10:02  Dark Templar  
  99  10:05  Zealot x3  
  104  10:08  Probe  
  104  10:10  Probe x2  
  105  10:14  Zealot x4  
  105  10:20  Probe  
  108  10:28  Zealot  
  108  10:29  Zealot x2  
Show
View Real Time Build Order
Export as new Build Order

llllllllllll Terran 

Build Orders:  

Get SALT Encoding   

  12  0:01  SCV  
  13  0:13  SCV  
  14  0:17  Supply Depot  
  14  0:25  SCV  
  15  0:38  SCV  
  15  0:42  Barracks  
  16  0:45  Refinery  
  16  0:51  SCV  
  17  1:03  SCV  
  18  1:15  SCV  
  19  1:28  Marine  
  19  1:30  Orbital Command  
  20  1:44  Command Center  
  20  1:54  Factory  
  20  1:58  SCV  
  21  2:05  Barracks Reactor  
  21  2:08  Supply Depot  
  21  2:10  SCV  
  22  2:19  Refinery  
  23  2:22  SCV  
  23  2:34  SCV  
  24  2:41  Starport  
  24  2:47  SCV  
  24  2:49  Hellion x2  
  29  2:55  Barracks Tech Lab  
  29  2:57  Orbital Command  
  29  2:59  SCV  
  30  3:11  SCV  
  30  3:12  Engineering Bay  
  31  3:13  Widow Mine  
  31  3:16  Widow Mine  
  35  3:21  Medivac  
  35  3:24  Marine  
  35  3:26  SCV  
  39  3:28  SCV  
  40  3:35  Stimpack  
  38  3:43  SCV x2  
  38  3:44  Refinery  
  38  3:46  Supply Depot  
  38  3:49  Marauder  
  40  3:57  Starport Tech Lab  
  40  3:58  Factory Tech Lab  
  40  3:59  Barracks  
  40  4:04  SCV  
  40  4:05  SCV  
  42  4:10  Barracks  
  42  4:11  Terran Infantry Weapons Level 1  
  42  4:14  Marine  
  42  4:16  SCV  
  44  4:20  SCV  
  45  4:27  Raven  
  45  4:28  SCV  
  48  4:31  Missile Turret  
  48  4:32  SCV  
  47  4:40  SCV  
  47  4:42  Marauder  
  47  4:44  SCV  
  51  4:46  Siege Tank  
  51  4:52  SCV  
  55  4:53  Marine x2  
  55  4:56  SCV  
  53  5:08  SCV  
  53  5:14  Marine x2  
  53  5:15  Marine  
  53  5:18  SCV, Siege Tank, Starport Reactor  
  53  5:20  SCV, Refinery  
  61  5:22  Supply Depot  
  61  5:23  Supply Depot  
  61  5:26  Combat Shield  
  61  5:27  Marine  
  62  5:41  Supply Depot  
  62  5:43  SCV, Marine x3  
  62  5:45  Marine  
  62  5:49  Concussive Shells  
  67  5:50  Barracks  
  67  5:53  Barracks  
  67  6:01  Marauder  
  67  6:04  Marauder  
  71  6:05  SCV  
  71  6:10  Marine  
  71  6:11  Supply Depot  
  71  6:12  Supply Depot  
  71  6:18  SCV  
  71  6:19  SCV  
  71  6:23  Missile Turret, Marauder  
  71  6:25  Marine, Marauder  
  78  6:29  Medivac  
  78  6:32  Medivac  
  82  6:39  Marine x2  
  84  6:44  Marine, Marauder  
  84  6:45  Marine  
  84  6:46  Marine  
  89  6:47  SCV  
  90  6:57  Marine x2  
  92  7:02  Marine x2  
  92  7:04  Supply Depot, Marauder  
  92  7:05  Marine  
  97  7:15  Marine x2  
  99  7:20  Marine x2  
  101  7:26  Marauder x2  
  105  7:32  Marine  
  105  7:33  Marine  
  107  7:38  Marine x2  
  104  7:47  Marauder x2  
  97  7:55  Marine  
  97  7:56  Marine x2  
  97  7:57  Viking x2  
  102  7:58  Siege Tank  
  84  8:08  Marauder x2  
  84  8:12  Barracks Tech Lab  
  78  8:16  Supply Depot  
  78  8:21  Marine  
  78  8:22  Marine x2  
  81  8:27  Viking x2  
  81  8:30  Siege Tank, Marine, Marauder x2  
  93  8:39  Marine x2  
  93  8:40  Marine  
  96  8:47  Supply Depot  
  96  8:48  Marine  
  97  8:51  Marine x2  
  99  8:57  Marine x2, Viking  
  99  8:58  Marine  
  99  9:02  Siege Tank  
  107  9:06  Marauder  
  107  9:09  Marauder x2  
  113  9:12  Supply Depot  
  113  9:15  Marine x2  
  115  9:17  Marine  
  116  9:28  Marauder  
  116  9:30  Marauder x2  
  120  9:33  Marine x2  
  120  9:35  Marine  
  122  9:41  Medivac x2  
  122  9:42  Siege Tank  
  127  9:49  Marine  
  127  9:52  Marauder x2  
  84  10:07  Marauder  
  84  10:13  Marauder x2  
Tags
 
Add a new tag
Caveats
  • Supply blocks, unpowered buildings, or Contaminate may cause inaccurate times.
  • Supply counts are checked every 10 seconds.